 Dungeon Crawl Stone Soup version 0.32-a0-876-gcfddb08e57 (webtiles) character file.

Game seed: 3541452928504529417

65 TacoSundae the Ruffian (level 3, -1/29 HPs)
             Began as a Draconian Shapeshifter on Apr 1, 2024.
             Slain by an orc
             ... wielding a +0 flail
              (7 damage)
             ... on level 3 of the Dungeon.
             The game lasted 00:05:53 (1822 turns).

TacoSundae the Ruffian (Draconian Shapeshifter)     Turns: 1822, Time: 00:05:53

Health: -1/29      AC:  5    Str: 16    XL:     3   Next: 92%
Magic:  3/3        EV:  1    Int: 10    God:
Gold:   118        SH:  0    Dex: 12    Spells: 2/2 levels left

rFire   . .          .
                       - Unarmed
rCold   . . .        (no shield)
rNeg    . . .        (body armour unavailable)
rPois   .            (helmet currently unavailable)
rElec   .            (cloak currently unavailable)
rCorr   .            i - melded +0 pair of gloves
SInv    .            d - melded +1 pair of boots
Will    .....        (no amulet)
Stlth   +            l - ring of flight
HPRegen 0.24/turn    (no ring)
MPRegen 0.08/turn

%: no passive effects
@: beast-form, flying, constricted
A: beast (slay +1), AC +5, unfitting armour, cold-blooded
a: Begin Untransformation


You were on level 3 of the Dungeon.
You were a hulking beast.
You visited 1 branch of the dungeon, and saw 3 of its levels.

You collected 118 gold pieces.

Inventory:

Missiles
 k - 5 boomerangs (quivered)
Armour
 d - a +1 pair of boots (melded)
 i - a +0 pair of gloves (melded)
Jewellery
 j - an amulet of faith
 l - a ring of flight (left hand)
Talismans
 b - a beast talisman (active)
 c - a flux talisman
Scrolls
 o - 2 scrolls of teleportation
Potions
 a - 2 potions of lignification
 e - a potion of enlightenment
 f - a potion of heal wounds


   Skills:
 + Level 2.1 Fighting
 + Level 2.3 Dodging
 * Level 3.7 Unarmed Combat
 + Level 3.4 Shapeshifting


You had 2 spell levels left.
You didn't know any spells.
Your spell library was empty.

Dungeon Overview and Level Annotations

Branches:
Dungeon (3/15)

Altars:


Innate Abilities, Weirdness & Mutations

You are a hulking beast.
Your limbs bulge with bestial killing power. (Slay +1)
Your plain brown scales are hard. (AC +5)
You cannot fit into any form of body armour.
You are cold-blooded and may be slowed by cold attacks.


Message History

You completely miss the orc.
The orc hits you with a +2 flail of protection.
You hit the orc but do no damage. The orc closely misses you.
You hit the orc.
The orc is severely wounded.
The orc completely misses you.
You punch the orc!
You kill the orc!
No target in view!
Things that are here:
a +2 flail of protection; a +0 ring mail; an orc corpse An orc comes into view.
It is wielding a +3 vampiric hand axe.
The ball python hisses angrily.
An orc comes into view. It is wielding a +0 flail.
The orc shouts!
The orc throws a boomerang.
The boomerang closely misses you. The orc barely misses you.
You hit the orc but do no damage. The orc barely misses you.
You hit the orc but do no damage.
The ball python bites you but does no damage.
The ball python grabs you. The ball python constricts you.
The orc hits you with a +0 flail.
You barely miss the orc.
The ball python bites you but does no damage.
The ball python constricts you. The orc hits you but does no damage.
You hit the orc.
The orc is heavily wounded.
The ball python bites you but does no damage.
The ball python constricts you.
You hit the orc but do no damage.
The orc is heavily wounded.
The ball python bites you but does no damage.
The ball python constricts you. The orc hits you with a +0 flail.
The orc hits you with a +3 vampiric hand axe.
* * * LOW HITPOINT WARNING * * *
You hit the orc.
The orc is almost dead.
The ball python bites you but does no damage.
The ball python constricts you. The orc hits you with a +0 flail!
You die...

..#.#..#.#...##+####..#
..#.#..#+#...##.# #..#
..#.#...........####..#####
................##...)....+
.##.#.#......o..##...######
.##.#.'.........##...######..
.##.###......................
.##.###........##o...#########
.##............Sho............
.########....####.....#.......
.# #........##...#.........
.#######..##.####.).#.........
.........<.........##.#.......
############.#####.##.#.......
#.####.....##.....#
#....#####.# ####..
#....#####'##### #


You could see 2 orcs and a ball python.

Vanquished Creatures
  An adder (D:2)
  An orc (D:3)
  7 bats
  7 endoplasms
  4 giant cockroaches
  5 goblins
  3 hobgoblins (D:1)
  3 jackals (D:2)
  6 kobolds
  A quokka (D:1)
  2 ball pythons
  3 frilled lizards
  7 rats
50 creatures vanquished.

Notes
Turn   | Place    | Note
-------+----------+-------------------------------------------
     0 | D:1      | TacoSundae the Draconian Shapeshifter began the quest for
                  | the Orb.
     0 | D:1      | Reached XP level 1. HP: 16/16 MP: 1/1
   106 | D:1      | Reached XP level 2. HP: 23/23 MP: 2/2
   577 | D:1      | Reached XP level 3. HP: 18/29 MP: 3/3
  1184 | D:2      | Identified the +0 ring mail of Raapp {rPois rC+ Stlth+}
  1822 | D:3      | Slain by an orc

Illustrated notes

Levels and vault maps discovered:
D:1:      spicycebolla_green_bress_n_ham_2, layout_basic, item_on_display_a
D:2:      layout_rooms, solitary_fountain, minmay_misc_feat_hallway,
          minmay_surrounded
D:3:      minmay_wonky_spiral, layout_basic, serial_undead, serial_undead_c,
          serial_undead_b, serial_undead_f, serial_undead_d

Skill      XL: |  1  2  3 |
---------------+----------+-----
Dodging        | 2 |  2.3
Fighting       | 2 |  2.1
Unarmed Combat | |  3.7
Shapeshifting  | |  3.4

Action                     || total
---------------------------++-------
  Melee: Unarmed           ||   173
         Tailslap          ||    12
         Punch             ||     1
Ability: Begin Untransform ||     1
    Use: Scroll            ||     7
   Stab: Sleeping          ||     1
 Armour: Skin              ||   104
  Dodge: Dodged            ||   145
   Form: Flux              ||     1
                           ||     1
         Beast             ||     1

Table legend: (Time is in decaauts)
 A = Elapsed time spent in this place.
 B = Non-inter-level travel time spent in this place.
 C = Inter-level travel time spent in this place.
 D = Time resting spent in this place.
 E = Time spent auto-exploring this place.
 F = Levels seen in this place.
 G = Mean time per level.
                   A        B        C        D        E       F      G
               +--------+--------+--------+--------+--------+-----+--------+
         Total |   1818 |   1729 |     89 |     66 |   1030 |   3 |  606.0 |
       Dungeon |   1818 |   1729 |     89 |     66 |   1030 |   3 |  606.0 |
               +--------+--------+--------+--------+--------+-----+--------+

Top non-repeatable levels by time:
     D:1: 938 daAuts
     D:2: 740 daAuts
     D:3: 139 daAuts
